 Dungeon Crawl Stone Soup version 0.23.2 (webtiles) character file.

Game seed: 5896614559619436200

38 Borgoz the Sneak (level 3, -4/27 (28) HPs)
             Began as a Ghoul Enchanter on Apr 4, 2019.
             Slain by a hound (5 damage)
             ... on level 2 of the Dungeon.
             The game lasted 00:05:15 (2881 turns).

Borgoz the Sneak (Ghoul Enchanter)                  Turns: 2881, Time: 00:05:16

HP:   -4/27 (28)    AC:  6    Str: 14      XL:     3   Next: 43%
MP:   1/4           EV: 11    Int: 10      God:
Gold: 118           SH:  0    Dex:  7 (10) Spells: 2/5 levels left

rFire    . . .     SeeInvis .   a - +1 dagger
rCold    + . .     Gourm    .   (no shield)
rNeg     + + +     Faith    .   e - +1 ring mail
rPois    ∞         Spirit   .   (no helmet)
rElec    .         Reflect  .   (no cloak)
rCorr    .         Harm     .   (no gloves)
MR       .....                  (no boots)
Stlth    +.........             (no amulet)
HPRegen  0.00/turn              h - +3 ring of strength
MPRegen  0.09/turn              (no ring)

@: about to teleport, very slightly contaminated, rotting
A: rotting body, claws 1, carnivore, cold resistance 1, negative energy
resistance 3, inhibited regeneration, torment resistance, unbreathing
a: no special abilities


You were on level 2 of the Dungeon.
You were very hungry.

You visited 1 branch of the dungeon, and saw 3 of its levels.

You collected 118 gold pieces.

Inventory:

Hand Weapons
 a - a +1 dagger (weapon)
Armour
 e - a +1 ring mail (worn)
Jewellery
 h - a +3 ring of strength (left claw)
Scrolls
 c - a scroll of remove curse
 g - a scroll of teleportation
 n - a scroll of magic mapping {unknown}
Comestibles
 d - 8 rations


   Skills:
 + Level 1.0 Fighting
 * Level 1.6 Short Blades
 + Level 0.9 Armour
 * Level 2.4 Dodging
 + Level 3.3 Stealth
 + Level 1.7 Spellcasting
 + Level 2.4 Hexes
 + Level 0.0 Ice Magic


You had 2 spell levels left.
You knew the following spells:

 Your Spells              Type           Power        Failure   Level  Hunger
a - Corona                Hex            #......      24%         1    ##.....
b - Ensorcelled Hibernat  Hex/Ice        #.....       52%         2    ###....

Your spell library contained the following spells:

 Spells                   Type           Power        Failure   Level  Hunger
 Animate Skeleton         Necr           N/A          54%         1    ##.....
 Confuse                  Hex            #.......     58%         3    ####...
 Tukima's Dance           Hex            #.......     58%         3    ####...
 Dazzling Spray           Conj/Hex       #.....       77%         3    ####...


Dungeon Overview and Level Annotations

Branches:
Dungeon (3/15)

Altars:
Hepliaklqana
Kikubaaqudgha
Qazlal
Sif Muna
Vehumet


Innate Abilities, Weirdness & Mutations

Your body is rotting away.
You thrive on raw meat.
You are immune to poison.
You have sharp fingernails.
You are carnivorous and can eat meat at any time.
Your flesh is cold resistant. (rC+)
You are immune to negative energy. (rN+++)
You do not regenerate when monsters are visible.
You are immune to unholy pain and torment.
You can survive without breathing.


Message History

The hound stops to sniff the ground.
The hound bites you.
* * * LOW HITPOINT WARNING * * *
The hound bites you but does no damage.
As you read the scroll labeled TOUXOI FUNOJU, it crumbles to dust.
You feel strangely unstable.
It was a scroll of teleportation.
The hound bites you but does no damage.
You hit the hound.
The hound is moderately wounded.
The hound bites you but does no damage. The hound completely misses you.
You hit the hound.
The hound is heavily wounded.
The hound closely misses you.
You hit the hound but do no damage.
The hound is heavily wounded.
The hound completely misses you.
You miss the hound.
The hound is heavily wounded.
The hound bites you.
You die...

......#######'##.#########...#
......# #.......# #...#
.....#####.###.#.# #...#
....#8._.### #...# #...#
.#..##...8# #...# #...####
.#..##...### #§§.## #...#...
##....#.##8###§§§.# #...####
#.......#...#.§§§## #...#
#.....⌠...._##§§@§# #...#
.....#..#...#.§§h##### ##...#
....###.##8##.§§#....# #....#
....#8...###....+..#.####.####
)...##...8#.....#..#...##.#
....##._.##.....#.#..#.##.#
<.....#####.......#....##.#######
......# #.....#.##.####........
....#.# #.....#.#......<###.###


You could see a hound.

Vanquished Creatures
  2 oozes (D:2)
  A worm (D:2)
  A dart slug (D:2)
  A ball python (D:2)
  2 goblins
  5 hobgoblins
  4 bats
  A frilled lizard (D:1)
  3 kobolds
  8 rats
28 creatures vanquished.

Notes
Turn   | Place    | Note
-------+----------+-------------------------------------------
     0 | D:1      | Borgoz the Ghoul Enchanter began the quest for the Orb.
     0 | D:1      | Reached XP level 1. HP: 14/14 MP: 2/2
    34 | D:1      | Reached skill level 1 in Short Blades
   331 | D:1      | Reached XP level 2. HP: 22/22 MP: 3/3
  1491 | D:2      | Learned a level 2 spell: Ensorcelled Hibernation
  1629 | D:2      | Reached XP level 3. HP: 12/27 MP: 4/4
  1674 | D:2      | Found a hazy altar of Hepliaklqana.
  1873 | D:2      | Found a stormy altar of Qazlal.
  2062 | D:2      | Reached skill level 1 in Fighting
  2346 | D:2      | Found a deep blue altar of Sif Muna.
  2347 | D:2      | Found an ancient bone altar of Kikubaaqudgha.
  2347 | D:2      | Found a radiant altar of Vehumet.
  2349 | D:2      | Identified Kikubaaqudgha's Collected Works on Unholy
                  | Rituals
  2876 | D:2      | HP: 1/27 [hound (3)]
  2881 | D:2      | Slain by a hound

Skill      XL: |  1  2  3 |
---------------+----------+-----
Short Blades   | 1 |  1.6
Dodging        | 2 |  2.4
Fighting       | 1 |  1.0
Armour         | |  0.9
Stealth        | |  3.3
Spellcasting   | |  1.7
Hexes          | |  2.4

Action                   || total
-------------------------++-------
Melee: Dagger            ||   131
 Cast: Ensorcelled Hiber ||     3
  Use: Scroll            ||     4
       Potion            ||     6
 Stab: Sleeping          ||     6
  Eat: Chunk             ||     6
Armor: Robe              ||     8
       Ring mail         ||    19
Dodge: Dodged            ||    78
